 Dungeon Crawl Stone Soup version 0.19-a0-414-g76fec5b (webtiles) character file.

6 eljoo the Sneak (level 1, -1/11 HPs)
             Began as an Octopode Wizard on May 31, 2016.
             Slain by a jackal (2 damage)
             ... on level 1 of the Dungeon.
             The game lasted 00:01:47 (347 turns).

eljoo the Sneak (Octopode Wizard)                    Turns: 347, Time: 00:01:48

Health: -1/11      AC:  1    Str:  6    XL:     1   Next: 90%
Magic:  4/4        EV: 12    Int: 20    God:
Gold:   11         SH:  0    Dex: 10    Spells: 1 memorised, 5 levels left

rFire  . . .     SeeInvis .     (no weapon)
rCold  . . .     Gourm    .     (no shield)
rNeg   . . .     Faith    .     a - +0 hat
rPois  .         Spirit   .     (no amulet)
rElec  .         Dismiss  .     (no ring)
rCorr  .         Reflect  .     (no ring)
SustAt .         Harm     .     (no ring)
MR     .....                    (no ring)
Stlth  +++.......               (no ring)
                                (no ring)
                                (no ring)
                                (no ring)

@: not resistant to hostile enchantments, fairly stealthy
A: almost no armour, amphibious, 8 rings, constrict 8, camouflage 1, gelatinous
body 1
a: no special abilities


You were on level 1 of the Dungeon.
You were not hungry.

You visited 1 branch of the dungeon, and saw 1 of its levels.

You collected 11 gold pieces.

Inventory:

Armour
 a - a +0 hat (worn)
Jewellery
 e - an uncursed amulet of dismissal {unknown}
Scrolls
 d - a scroll of remove curse
Books
 b - a book of Minor Magic

   Spells                             Type                      Level
   a - Magic Dart                     Conjuration                  1
   b - Blink                          Translocation                2
   c - Call Imp                       Summoning                    2
   d - Repel Missiles                 Charms/Air                   2
   e - Slow                           Hexes                        2
   f - Conjure Flame                  Conjuration/Fire             3
   g - Mephitic Cloud                 Conjuration/Poison/Air       3
Comestibles
 c - a bread ration
 f - 5 chunks of flesh


   Skills:
 - Level 2.0 Dodging
 * Level 3.2 Stealth
 + Level 3.1 Spellcasting
 + Level 1.0 Conjurations
   Level 1.0 Summonings
   Level 1.0 Translocations


You had 5 spell levels left.
You knew the following spells:

 Your Spells              Type           Power        Failure   Level  Hunger
a - Magic Dart            Conj           #...         12%         1    None


Dungeon Overview and Level Annotations

Branches:
Dungeon (1/15)

Altars:


Innate Abilities, Weirdness & Mutations

You cannot wear most types of armour.
You are amphibious.
You can wear up to eight rings at the same time.
You can use your tentacles to constrict eight enemies at once.
Your skin changes colour to match your surroundings (Stealth+).
Your rubbery body absorbs attacks. (AC +1)


Message History

The jackal bites you. x2
* * * LOW HITPOINT WARNING * * *
Okay, then.
You aren't carrying any potions.
The jackal barely misses you.
The jackal bites you but does no damage.
The jackal closely misses you.
As you read the scroll labeled MYUL MIJOYKLIJ, it crumbles to dust.
You feel blessed for a moment.
It was a scroll of remove curse.
The jackal barely misses you. The jackal misses you. The jackal misses you.
The jackal closely misses you. The jackal completely misses you.
A goblin comes into view. It is wielding a club.
The jackal misses you. The jackal barely misses you.
The goblin shouts!
The jackal bites you.
* * * LOW HITPOINT WARNING * * *
The jackal bites you.
You die...

..# #...###.....# .. #.##
#...........#+##... #..#
#.................# ##.##
#....##...........#
#..###)...#.....#......# ##.####
#.........#####.#......##.......
.........................+.......
##.#.#...#.#####.......###.......
#.#.###.#......@......#.........
..#.. #+########h.....#.........
....... #....#h#####.........
....... #.##.#.#............. .
..... #....#.#####.......
#####g.g...........
#..)......##### #.........#####
#....).........


You could see 2 jackals.

Vanquished Creatures
  A giant cockroach (D:1)
  A goblin (D:1)
  A hobgoblin (D:1)
  A bat (D:1)
  A giant newt (D:1)
  A rat (D:1)
6 creatures vanquished.

Notes
Turn   | Place    | Note
--------------------------------------------------------------
     0 | D:1      | eljoo the Octopode Wizard began the quest for the Orb.
     0 | D:1      | Reached XP level 1. HP: 11/11 MP: 4/4
   347 | D:1      | Slain by a jackal

Vault maps used:
D:1:      lightli_arrival_flooded_house

Skill      XL: |  1 |
---------------+----+-----
Stealth        | 3 |  3.2
Dodging        | |  2.0
Spellcasting   | |  3.1
Conjurations   | |  1.0
Summonings     | |  1.0
Translocations | |  1.0

Action                   || total
-------------------------++-------
Melee: Unarmed           ||    20
       Constrict         ||     5
       Tentacles         ||     2
 Cast: Magic Dart        ||     1
  Use: Scroll            ||     1
 Stab: Sleeping          ||     1
Armor: Skin              ||     3
Dodge: Dodged            ||    23
